 Dungeon Crawl Stone Soup version 0.15-a0-413-gc6111ba (webtiles) character file.

1002 4tharraofdagon the Spear-Bearer (level 8, 0/61 HPs)
             Began as a Merfolk Gladiator on May 5, 2014.
             Was a Priest of Cheibriados.
             Slain by TZer0alt's ghost (3 damage)
             ... in an ossuary.
             The game lasted 00:13:33 (2147 turns).

4tharraofdagon the Spear-Bearer (Merfolk Gladiator) Turns: 2147, Time: 00:13:33

HP   0/61        AC  9     Str 24      XL: 8   Next:  0%
MP  13/13        EV 10     Int 13      God: Cheibriados [***...]
Gold 162         SH  0     Dex 24      Spells:  0 memorised,  7 levels left

rFire  . . .     SeeInvis +     a - +0 trident
rCold  . . .     Clarity  .     g - +0 chain mail
rNeg   . . .     Conserve .     (no shield)
rPois  .         rCorr    .     c - +0 helmet
rElec  .         rRot     .     (no cloak)
SustAb . .       Spirit   .     (no gloves)
rMut   .         Warding  .     (no boots)
Saprov . . .     Stasis   .     (no amulet)
MR     .....                    n - +4 ring of dexterity
                                k - ring of see invisible

@: very slow, not resistant to hostile enchantments, extremely unstealthy
A: change form in water, swift swim
a: Bend Time, Temporal Distortion, Renounce Religion


You were in an ossuary.
You worshipped Cheibriados.
Cheibriados was most pleased with you.
You were not hungry.

You visited 1 branch of the dungeon, and saw 6 of its levels.
You also visited: Ossuary.

You collected 162 gold pieces.

Inventory:

Hand weapons
 a - a +0,+0 trident (weapon)
Missiles
 v - 22 stones (quivered)
Armour
 b - a +0 leather armour
 c - a +0 helmet (worn)
 g - a +0 chain mail (worn)
 i - a +0 scale mail
Comestibles
 d - 3 rotting chunks of black bear flesh
 m - 2 meat rations
 w - 2 chunks of hobgoblin flesh
Scrolls
 e - 3 scrolls of remove curse {unknown}
 h - a scroll of blinking {unknown}
 o - a scroll of enchant weapon I {unknown}
 p - a scroll of teleportation
 q - 3 scrolls of enchant weapon II {unknown}
 t - a scroll of enchant armour {unknown}
Jewellery
 k - a ring of see invisible (left hand)
 n - a +4 ring of dexterity (right hand)
Potions
 f - a potion of haste
 j - a potion of magic
 l - a potion of resistance


   Skills:
 + Level 4.5 Fighting
 * Level 9.3 Polearms
 - Level 2.0 Throwing
 + Level 6.5 Dodging
 + Level 3.5 Invocations


You had 7 spell levels left.
You didn't know any spells.

Dungeon Overview and Level Annotations

Branches:
Dungeon (6/15)
 Temple: D:4-7

Altars:
Cheibriados
Sif Muna
The Shining One

Annotations:
D:3 Terence
D:4 4tharraofdagon's ghost, weakling MfGl Ossuary TZer0alt's ghost, experienced FoAK


Message History

TZer0alt's ghost is moderately damaged.
TZer0alt's ghost hits you. TZer0alt's ghost freezes you.
Use which ability? (? or * to list)
Okay, then.
You hit the kobold zombie.
TZer0alt's ghost hits you but does no damage.
The kobold zombie hits you but does no damage.
You hit the kobold zombie.
You destroy the kobold zombie!
Cheibriados appreciates the change of pace.
TZer0alt's ghost hits you!
* * * LOW HITPOINT WARNING * * *
TZer0alt's ghost freezes you.
* * * LOW HITPOINT WARNING * * *
Drink which item? (? for menu, Esc to quit)
Okay, then.
TZer0alt's ghost hits you.
* * * LOW HITPOINT WARNING * * *
TZer0alt's ghost freezes you.
You die...

##'## # #..^# #
#...# # #...# #
#^^.# #
##'###############
#^^^'^..#^...#..^'
#W^.#..^#.^.^#.^.#
#@..#..^'^...'..^#
##################


You could see TZer0alt's ghost.

Vanquished Creatures
  Grinder (D:6)
  A hungry ghost (D:3)
  A black bear (D:6)
  A hound (D:4)
  A giant frog skeleton (D:4)
  3 orc wizards (D:4)
  An iguana (D:5)
  3 worker ants
  A big kobold zombie (Ossuary)
  3 adders
  4 giant mites
  A worm (D:5)
  6 adder zombies
  2 giant geckos (D:2)
  4 orcs (D:4)
  A ball python (D:2)
  12 bats
  7 goblins
  5 hobgoblins
  4 jackals (D:2)
  2 quokkas
  2 giant cockroaches
  3 giant newts
  A gnoll zombie (Ossuary)
  7 hobgoblin zombies (Ossuary)
  A jackal zombie (D:6)
  A kobold (D:2)
  3 kobold zombies (Ossuary)
  5 orc zombies
  8 rats
95 creatures vanquished.

Vanquished Creatures (others)
  6 fungi (D:4)
6 creatures vanquished.

Grand Total: 101 creatures vanquished

Notes
Turn   | Place    | Note
--------------------------------------------------------------
     0 | D:1      | 4tharraofdagon, the Merfolk Gladiator, began the quest for the Orb.
     0 | D:1      | Reached XP level 1. HP: 16/16 MP: 1/1
    71 | D:2      | Reached XP level 2. HP: 14/23 MP: 2/2
   102 | D:2      | Reached skill level 5 in Polearms
   202 | D:2      | Found a deep blue altar of Sif Muna.
   210 | D:2      | Reached XP level 3. HP: 9/28 MP: 3/3
   340 | D:4      | Reached skill level 6 in Polearms
   340 | D:4      | Reached XP level 4. HP: 21/34 MP: 4/4
   380 | D:4      | Found a snail-covered altar of Cheibriados.
   393 | D:4      | Became a worshipper of Cheibriados the Contemplative
   459 | D:4      | Reached skill level 5 in Dodging
   578 | D:3      | Noticed Terence
   766 | D:1      | Reached XP level 5. HP: 38/41 MP: 5/5
   966 | D:3      | Found a glowing golden altar of the Shining One.
   966 | D:3      | Noticed a hungry ghost
  1007 | D:3      | Killed a hungry ghost
  1007 | D:3      | Reached skill level 7 in Polearms
  1007 | D:3      | Reached skill level 1 in Invocations
  1007 | D:3      | Reached XP level 6. HP: 11/47 MP: 5/7
  1113 | D:4      | Noticed 4tharraofdagon's ghost (weakling MfGl)
  1440 | D:5      | Entered Level 5 of the Dungeon
  1538 | D:4      | Reached skill level 8 in Polearms
  1699 | D:5      | Reached XP level 7. HP: 44/53 MP: 9/9
  1905 | D:6      | Noticed Grinder
  1946 | D:6      | Killed Grinder
  1946 | D:6      | Reached skill level 9 in Polearms
  1962 | D:6      | Found a sand-covered staircase.
  1984 | Ossuary  | Entered an ossuary
  2043 | Ossuary  | ghost??
  2096 | Ossuary  | Acquired Cheibriados' first power
  2116 | Ossuary  | Noticed TZer0alt's ghost (experienced FoAK)
  2118 | Ossuary  | WHY
  2134 | Ossuary  | Reached XP level 8. HP: 54/61 MP: 13/13
  2147 | Ossuary  | HP: 3/61 [TZer0alt's ghost (5)]
  2147 | Ossuary  | Slain by TZer0alt's ghost

Action                   |  1- 3 |  4- 6 |  7- 9 || total
-------------------------+-------+-------+-------++-------
Melee: Trident           |    60 |   205 |   148 ||   413
Throw: Throwing net      |     5 |    14 |     1 ||    20
  Use: Potion            |     1 |       |     4 ||     5
       Scroll            |       |     5 |       ||     5
 Stab: Held in net/web   |     2 |     7 |     2 ||    11
